[Event "Catalonia Championship Veterans 2024"]
[Site "Salou Tarragona"]
[Date "2024.05.18"]
[Round "8.1"]
[White "Fernandez Muixi, Francesc"]
[Black "Parals Marce, Luis"]
[Result "0-1"]
[ECO "A25"]
[WhiteElo "1988"]
[BlackElo "2000"]
[Annotator "RC"]
[PlyCount "92"]
[EventDate "2024.05.11"]
[EventType "swiss"]
[EventCountry "ESP"]
[SourceTitle "playchess.com"]
[Source "ChessBase"]
[SourceQuality "1"]
[TimeControl "5400+30"]

1. c4 g6 2. g3 Bg7 3. Bg2 e5 4. Nc3 d6 5. e3 f5 6. d3 Nf6 7. Nge2 O-O 8. O-O a5 9. a3 Nc6 10. Rb1 Ne7 11. b4 axb4 12. axb4 c6 13. b5 Be6 14. Bd2 g5 15. f4 gxf4 16. exf4 Kh8 17. bxc6 bxc6 18. Qb3 Rc8 19. Qb6 Qd7 20. h3 Rg8 21. Kh2 e4 22. Qe3 Rce8 23. Rb4 d5 24. Rfb1 d4 25. Nxd4 Ng4+ 26. hxg4 Bxd4 27. Qe1 Bc5 28. dxe4 Bxb4 29. Rxb4 Rxg4 30. Ne2 h5 31. Bc3+ Kh7 32. Bf3 Rg6 33. Bb2 Qd3 34. Bg2 fxe4 35. Nc1 Qc2 36. Qxe4 Qxe4 37. Bxe4 Bf5 38. Bf3 Rd6 39. Bc3 Kg6 40. Rb6 Bg4 41. Be4+ Kf7 42. Nd3 Ra8 43. c5 Rdd8 44. Ne5+ Kf8 45. Nxc6 Nxc6 46. Bxc6 Ra2+ 0-1

[Event "Catalonia Championship Veterans 2024"]
[Site "Salou Tarragona"]
[Date "2024.05.18"]
[Round "8.2"]
[White "Brusi Noguera, Ricardo Ll."]
[Black "Lacasa Diaz, Josep Anton"]
[Result "0-1"]
[ECO "D04"]
[WhiteElo "2059"]
[BlackElo "2335"]
[Annotator "RC"]
[PlyCount "156"]
[EventDate "2024.05.11"]
[EventType "swiss"]
[EventCountry "ESP"]
[SourceTitle "playchess.com"]
[Source "ChessBase"]
[SourceQuality "1"]
[TimeControl "5400+30"]

1. d4 d5 2. Nf3 c5 3. e3 Nf6 4. dxc5 e6 5. b4 a5 6. c3 axb4 7. cxb4 b6 8. Bb5+ Bd7 9. Bxd7+ Nbxd7 10. a4 bxc5 11. b5 Bd6 12. Bb2 Qc7 13. Nbd2 c4 14. Bc3 Nc5 15. O-O O-O 16. h3 Nfe4 17. Nxe4 Nxe4 18. Qc2 Nxc3 19. Qxc3 Ra5 20. Ra2 Rfa8 21. Qc2 Bc5 22. Rd1 f5 23. g4 Rf8 24. Nd4 Bxd4 25. Rxd4 fxg4 26. hxg4 Qa7 27. Rd1 Rc8 28. Kg2 Ra8 29. Rda1 Qb7 30. f3 Qa7 31. Qc3 Qc7 32. Qb4 Qb6 33. Qc3 Qd6 34. f4 h6 35. Qa3 Qb6 36. Qc3 Qd6 37. Qa3 Qxa3 38. Rxa3 Kf7 39. Kf3 Ke7 40. Ke2 Kd6 41. Kd2 Kc5 42. Kc3 g5 43. fxg5 hxg5 44. b6 e5 45. Rb1 Rb8 46. b7 d4+ 47. exd4+ exd4+ 48. Kd2 Ra7 49. Rb5+ Kc6 50. Rb4 Kd5 51. Rf3 Raxb7 52. Rf5+ Ke4 53. Rxc4 Rh8 54. Rf2 Rb2+ 55. Rc2 Rxc2+ 56. Kxc2 Ke3 57. Rd2 Rc8+ 58. Kd1 d3 59. Rh2 Rc3 60. Rh8 Ra3 61. Re8+ Kf4 62. Ra8 Kxg4 63. a5 Ra2 64. a6 Kg3 65. a7 g4 66. Ke1 Re2+ 67. Kf1 Rf2+ 68. Ke1 Rf7 69. Kd2 Rd7 70. Rf8 Rxa7 71. Kxd3 Re7 72. Kd2 Kh2 73. Rf6 g3 74. Rf8 Re5 75. Rf7 g2 76. Rh7+ Kg3 77. Rg7+ Kf3 78. Rg8 Re4 0-1

[Event "Catalonia Championship Veterans 2024"]
[Site "Salou Tarragona"]
[Date "2024.05.18"]
[Round "8.3"]
[White "Torrecillas Martinez, Antonio"]
[Black "Sanchez Criado, Lluis"]
[Result "1-0"]
[ECO "D85"]
[WhiteElo "2298"]
[BlackElo "2060"]
[Annotator "RC"]
[PlyCount "96"]
[EventDate "2024.05.11"]
[EventType "swiss"]
[EventCountry "ESP"]
[SourceTitle "playchess.com"]
[Source "ChessBase"]
[SourceQuality "1"]
[TimeControl "5400+30"]

1. c4 Nf6 2. Nc3 d5 3. cxd5 Nxd5 4. Nf3 g6 5. Qa4+ c6 6. Nxd5 Qxd5 7. e4 Qd8 8. d4 Bg7 9. Be3 O-O 10. Rd1 Bg4 11. Be2 Qc7 12. O-O Nd7 13. Rd2 Nb6 14. Qb3 e6 15. Rfd1 Rad8 16. h3 Bxf3 17. Bxf3 Kh8 18. g3 f5 19. Qxe6 Rde8 20. Qb3 fxe4 21. Bg2 Nd5 22. Re2 Qd7 23. Rdd2 Rf7 24. h4 h5 25. Kh2 Kh7 26. Bg5 Nf6 27. Bxf6 Rxf6 28. Bxe4 Rd6 29. Qf3 Kg8 30. d5 c5 31. Qd3 Kh7 32. f4 Rf8 33. Bf3 Kh6 34. Rd1 Bd4 35. Rde1 Rxd5 36. Bxd5 Qxd5 37. Qd2 Rf5 38. b3 Qf3 39. Rg2 Bc3 40. Qe2 Qc6 41. Rd1 Bd4 42. Rd3 Qd6 43. Qe4 b6 44. Re2 a5 45. Kg2 b5 46. Rd1 Qd7 47. Qe8 Qd5+ 48. Re4 Re5 1-0

[Event "Catalonia Championship Veterans 2024"]
[Site "Salou Tarragona"]
[Date "2024.05.18"]
[Round "8.4"]
[White "Noria Silvestre, Joaquin"]
[Black "Cuadras Avellana, Jordi"]
[Result "0-1"]
[ECO "B80"]
[WhiteElo "2126"]
[BlackElo "2176"]
[Annotator "RC"]
[PlyCount "50"]
[EventDate "2024.05.11"]
[EventType "swiss"]
[EventCountry "ESP"]
[SourceTitle "playchess.com"]
[Source "ChessBase"]
[SourceQuality "1"]
[TimeControl "5400+30"]

1. e4 c5 2. Nf3 e6 3. d4 cxd4 4. Nxd4 a6 5. Nc3 Qc7 6. g3 d6 7. Bg2 Nf6 8. O-O Be7 9. h3 Nc6 10. Nde2 b5 11. Be3 Bb7 12. a3 O-O 13. g4 Ne5 14. b3 d5 15. f4 Ng6 16. e5 Ne4 17. Bd4 Bc5 18. Nxe4 dxe4 19. Qe1 Rad8 20. c3 f6 21. b4 Bb6 22. Qf2 Bxd4 23. Nxd4 Bd5 24. f5 fxe5 25. Qg3 Nf4 0-1

[Event "Catalonia Championship Veterans 2024"]
[Site "Salou Tarragona"]
[Date "2024.05.18"]
[Round "8.5"]
[White "Pogorelov, Ruslan"]
[Black "Saldana Caballe, Enric"]
[Result "1/2-1/2"]
[ECO "D35"]
[WhiteElo "2282"]
[BlackElo "1967"]
[Annotator "RC"]
[PlyCount "22"]
[EventDate "2024.05.11"]
[EventType "swiss"]
[EventCountry "ESP"]
[SourceTitle "playchess.com"]
[Source "ChessBase"]
[SourceQuality "1"]
[TimeControl "5400+30"]

1. d4 d5 2. c4 e6 3. Nc3 h6 4. cxd5 exd5 5. Bf4 Nf6 6. e3 Bf5 7. Bd3 Bxd3 8. Qxd3 c6 9. Nf3 Bd6 10. Bxd6 Qxd6 11. O-O O-O 1/2-1/2

[Event "Catalonia Championship Veterans 2024"]
[Site "Salou Tarragona"]
[Date "2024.05.18"]
[Round "8.6"]
[White "Melero Sanchez, Pere"]
[Black "Tosan Pereira, Felipe"]
[Result "1-0"]
[ECO "E94"]
[WhiteElo "1934"]
[BlackElo "2062"]
[Annotator "RC"]
[PlyCount "47"]
[EventDate "2024.05.11"]
[EventType "swiss"]
[EventCountry "ESP"]
[SourceTitle "playchess.com"]
[Source "ChessBase"]
[SourceQuality "1"]
[TimeControl "5400+30"]

1. d4 Nf6 2. c4 g6 3. Nc3 Bg7 4. e4 d6 5. Nf3 O-O 6. Be2 e5 7. O-O exd4 8. Nxd4 Re8 9. f3 c6 10. Kh1 Qa5 11. Bf4 Rd8 12. Nb3 Qc7 13. c5 Ne8 14. Qd2 Be5 15. Rfd1 Rd7 16. Qe3 Re7 17. cxd6 Bxd6 18. Bxd6 Nxd6 19. Rac1 Be6 20. Qd4 Ne8 21. Qd8 Qxd8 22. Rxd8 Kg7 23. Nc5 Bd7 24. Nxd7 1-0

[Event "Catalonia Championship Veterans 2024"]
[Site "Salou Tarragona"]
[Date "2024.05.18"]
[Round "8.7"]
[White "Palacin Martin, Ricardo"]
[Black "Buxade Roca, Guillermo"]
[Result "1/2-1/2"]
[ECO "D46"]
[WhiteElo "1968"]
[BlackElo "1916"]
[Annotator "RC"]
[PlyCount "48"]
[EventDate "2024.05.11"]
[EventType "swiss"]
[EventCountry "ESP"]
[SourceTitle "playchess.com"]
[Source "ChessBase"]
[SourceQuality "1"]
[TimeControl "5400+30"]

1. d4 d5 2. c4 e6 3. Nc3 Nf6 4. Nf3 Nbd7 5. e3 c6 6. Bd3 Bd6 7. O-O O-O 8. Qc2 Re8 9. e4 dxe4 10. Nxe4 Nxe4 11. Bxe4 Nf8 12. Re1 Qc7 13. Bd2 Bf4 14. Bc3 Bh6 15. Rad1 Bd7 16. Ne5 Rad8 17. g3 Bc8 18. Bg2 g6 19. Qe4 Bg7 20. Qh4 Qe7 21. Qxe7 Rxe7 22. d5 exd5 23. cxd5 cxd5 24. Bxd5 Be6 1/2-1/2

[Event "Catalonia Championship Veterans 2024"]
[Site "Salou Tarragona"]
[Date "2024.05.18"]
[Round "8.8"]
[White "Jove Grau, Lluis"]
[Black "Franzoni Ladron de Guevara, Enric"]
[Result "0-1"]
[ECO "B18"]
[WhiteElo "2049"]
[BlackElo "1854"]
[Annotator "RC"]
[PlyCount "94"]
[EventDate "2024.05.11"]
[EventType "swiss"]
[EventCountry "ESP"]
[SourceTitle "playchess.com"]
[Source "ChessBase"]
[SourceQuality "1"]
[TimeControl "5400+30"]

1. e4 c6 2. d4 d5 3. Nc3 dxe4 4. Nxe4 Bf5 5. Ng3 Bg6 6. Nf3 Nd7 7. Bc4 e6 8. O-O Bd6 9. c3 Ngf6 10. Qe2 Nb6 11. Bb3 O-O 12. Ne5 Qc7 13. h4 Bxe5 14. dxe5 Nfd7 15. h5 Bf5 16. f4 Nd5 17. Nxf5 exf5 18. Bxd5 cxd5 19. Qd3 g6 20. Qh3 Qb6+ 21. Be3 Qe6 22. Bd4 Rac8 23. Rae1 Nc5 24. Re3 Ne4 25. Qh4 Rfe8 26. Rh3 Qe7 27. Qe1 Rc6 28. g3 gxh5 29. Rxh5 Rg6 30. Rf3 Qe6 31. Kg2 h6 32. Qh1 Kh7 33. Rh3 Reg8 34. Qd1 a6 35. a4 Rg4 36. b4 Qg6 37. Bf2 Qc6 38. Qd4 b5 39. a5 Rc8 40. Rd3 Nxc3 41. e6 Ne2 42. Qf6 Nxf4+ 43. Kh2 Nxh3 44. Qxf7+ Rg7 45. Qxf5+ Kg8 46. Kxh3 Rf8 47. Qe5 d4 0-1

[Event "Catalonia Championship Veterans 2024"]
[Site "Salou Tarragona"]
[Date "2024.05.18"]
[Round "8.9"]
[White "Fernandez Vicente, Carmelo"]
[Black "Mas Recorda, Pere"]
[Result "1/2-1/2"]
[ECO "A25"]
[WhiteElo "2005"]
[BlackElo "1932"]
[Annotator "NA RC"]
[PlyCount "72"]
[EventDate "2024.05.11"]
[EventType "swiss"]
[EventCountry "ESP"]
[SourceTitle "playchess.com"]
[Source "ChessBase"]
[SourceQuality "1"]
[TimeControl "5400+30"]

1. c4 e5 2. g3 Nc6 3. Bg2 Nf6 4. Nc3 d6 5. d3 h6 6. e4 Be7 7. Nge2 O-O 8. O-O Bg4 9. f3 Bd7 10. Be3 Kh8 11. Qd2 Ng8 12. d4 exd4 13. Nxd4 Nxd4 14. Bxd4 Bf6 15. Rad1 Bc6 16. Nd5 Bxd5 17. cxd5 Bxd4+ 18. Qxd4 f5 19. exf5 Rxf5 20. f4 Rf7 21. Bh3 Re7 22. Rfe1 b6 23. Re6 Qf8 24. Rde1 Rae8 25. f5 Rxe6 26. fxe6 Qf6 27. Qd2 Qg6 28. Rf1 Nf6 29. Bf5 Qh5 30. Rf4 Qg5 31. Qd3 Re7 32. h4 Qh5 33. Bg6 Qe5 34. Qd2 Kg8 35. Kh2 Qxd5 36. Bf7+ Kh8 1/2-1/2

[Event "Catalonia Championship Veterans 2024"]
[Site "Salou Tarragona"]
[Date "2024.05.18"]
[Round "8.10"]
[White "Borras Julian, Teodoro"]
[Black "Sanchez Bernardino, Miguel Angel"]
[Result "0-1"]
[ECO "B26"]
[WhiteElo "1867"]
[BlackElo "1954"]
[Annotator "RC"]
[PlyCount "78"]
[EventDate "2024.05.11"]
[EventType "swiss"]
[EventCountry "ESP"]
[SourceTitle "playchess.com"]
[Source "ChessBase"]
[SourceQuality "1"]
[TimeControl "5400+30"]

1. e4 c5 2. Nc3 Nc6 3. g3 g6 4. Bg2 Bg7 5. d3 d6 6. Be3 Rb8 7. Qd2 b5 8. Nge2 b4 9. Nd1 Nd4 10. h3 e5 11. f4 Ne7 12. O-O O-O 13. fxe5 dxe5 14. Nxd4 cxd4 15. Bh6 Qc7 16. Bxg7 Kxg7 17. b3 Be6 18. a3 bxa3 19. Rxa3 Rfc8 20. Rf2 f5 21. Nb2 fxe4 22. dxe4 Rf8 23. Ra4 Rxf2 24. Qxf2 Nc6 25. Nd3 a5 26. Kh2 Qd6 27. Ra1 Rb7 28. Rf1 Rf7 29. Qe2 Nb4 30. Rxf7+ Bxf7 31. Bf1 Be8 32. Bg2 a4 33. Nb2 a3 34. Nc4 Bb5 35. Qd1 Bxc4 36. bxc4 a2 37. Bf1 Qa6 38. c5 a1=Q 39. Bxa6 Qxd1 0-1